AoeStats
← horaciogiurisaravia

Fortress

509466955Analyzed
2v2 RM · 6d ago on Sep 26, 2026· 38m 45s· 4 players
Game mode
Random Map
Map size
Normal (6 player)
Population
200
Speed
Normal
Resources
Standard
Victory
Conquest
Starting age
Dark Age
Ending age
Imperial Age
RankedLock teamsTeams togetherTeam positionsShared explorationLock speedFull tech treeHidden civsTurbo modeCheats
Victory
Defeat
🇹🇹 Goths · Trinidad & Tobago
978
+12
🇫🇷 Teutons · France
872
+16
🇦🇷 Magyars · Argentina
937
-29
🇦🇷 Huns · Argentina
843
-12
horaciogiurisaravia
8:39 Feudal Age
9:28 Double-Bit Axe
9:26 Horse Collar
11:04 Wheelbarrow
14:49 Castle Age
14:39 Bloodlines
17:47 Heavy Plow
18:23 Fletching
23:39 Padded Archer Armor
25:38 Leather Archer Armor
28:41 Hand Cart
29:14 Murder Holes
29:41 Ballistics
36:06 Marauders
Aron Vikingo
0:51 Loom
7:25 Feudal Age
8:21 Double-Bit Axe
12:39 Castle Age
11:46 Horse Collar
14:38 Wheelbarrow
16:36 Town Watch
17:39 Corvinian Army
21:05 Stone Mining
22:59 Hand Cart
27:24 Murder Holes
27:49 Ballistics
30:47 Imperial Age
31:59 Conscription
31:44 Recurve Bow
33:25 Fletching
33:31 Elite Magyar Huszar
35:11 Parthian Tactics
34:09 Pikeman
34:48 Bodkin Arrow
38:17 Bracer
Immortalz
1:41 Loom
6:04 Feudal Age
12:08 Castle Age
10:03 Double-Bit Axe
11:08 Horse Collar
13:58 Forging
13:48 Scale Mail Armor
15:26 Squires
17:43 Fervor
18:48 Gold Mining
21:12 Chain Mail Armor
23:09 Iron Casting
24:41 Wheelbarrow
30:20 Imperial Age
30:38 Hand Cart
30:28 Elite Huskarl
31:31 Conscription
32:13 Blast Furnace
31:07 Town Watch
32:48 Capped Ram
34:54 Caravan
Rodorm
7:44 Feudal Age
12:11 Castle Age
11:32 Double-Bit Axe
11:28 Horse Collar
12:20 Gold Mining
12:57 Forging
16:34 Bow Saw
17:53 Iron Casting
20:42 Heavy Plow
21:13 Fletching
21:54 Stone Mining
28:00 Ironclad
32:32 Stone Shaft Mining
32:29 Bloodlines
32:27 Scale Barding Armor
41:39 Imperial Age
38:56 Loom
39:51 Wheelbarrow
39:04 Town Watch
Connection lost

Rejoining the realm…

Still unreachable

The connection could not be restored.

Session expired

The server has moved on; the page needs a fresh start.